 Dungeon Crawl Stone Soup version 0.22.0-40-g68aacdc (webtiles) character file.

44 Folque the Caller (level 3, 0/15 HPs)
             Began as a Felid Summoner on Sept 1, 2018.
             Slain by an adder (5 damage)
             ... on level 2 of the Dungeon.
             The game lasted 00:07:40 (1899 turns).

Folque the Caller (Felid Summoner)                  Turns: 1899, Time: 00:07:41

Health: 0/15       AC:  1    Str:  4    XL:     3   Next: 39%
Magic:  1/7        EV: 18    Int: 17    God:
Gold:   54         SH:  0    Dex: 16    Spells: 3/6 levels left
                                        Lives:  0   Deaths: 0

rFire    . . .     SeeInvis +   (weapon unavailable)
rCold    . . .     Gourm    .   (shield unavailable)
rNeg     . . .     Faith    .   (armour unavailable)
rPois    .         Spirit   .   (helmet unavailable)
rElec    .         Reflect  .   (cloak unavailable)
rCorr    .         Harm     .   (gloves unavailable)
MR       .....                  (boots unavailable)
Stlth    +++.......             (no amulet)
HPRegen  0.05/turn              (no ring)
MPRegen  0.10/turn              (no ring)

@: quick
A: very small, no armour, no weapons or thrown items, stealth, claws 1, fangs 3,
see invisible, carnivore, speed 1, shaggy fur 1, slow metabolism 1, sharp paws
a: no special abilities


You were on level 2 of the Dungeon.
You were completely stuffed.

You visited 1 branch of the dungeon, and saw 2 of its levels.

You collected 54 gold pieces.

Inventory:

Jewellery
 i - an uncursed amulet of the acrobat {unknown}
Scrolls
 e - a scroll of immolation {unknown}
 f - 2 scrolls of identify
 g - 3 scrolls of teleportation {unknown}
 h - a scroll of remove curse {unknown}
Potions
 a - a potion of cancellation {unknown}
 d - a potion of heal wounds
Comestibles
 b - 4 rations
 c - 2 chunks of flesh


   Skills:
 - Level 1.0 Fighting
 - Level 2.6 Dodging
 - Level 2.6 Stealth
 + Level 2.4 Spellcasting
 * Level 4.7 Summonings


You had 3 spell levels left.
You knew the following spells:

 Your Spells              Type           Power        Failure   Level  Hunger
a - Summon Small Mammal   Summ           ###.         2%          1    #......
b - Call Imp              Summ           ###.....     4%          2    ##.....

Your spell library contained the following spells:

 Spells                   Type           Power        Failure   Level  Hunger
 Call Canine Familiar     Summ           ###.....     8%          3    ###....
 Summon Guardian Golem    Hex/Summ       ##......     21%         3    ###....
 Summon Ice Beast         Ice/Summ       ##......     56%         4    #####..
 Summon Lightning Spire   Summ/Air       ##......     56%         4    #####..


Dungeon Overview and Level Annotations

Branches:
Dungeon (2/15)

Altars:
Qazlal


Innate Abilities, Weirdness & Mutations

You cannot wear armour.
You are incapable of wielding weapons or throwing items.
Your paws allow you to move quietly. (Stealth)
You have sharp claws.
You have razor-sharp teeth.
You have supernaturally acute eyesight. (SInv)
You are carnivorous and can eat meat at any time.
You cover ground quickly.
You are covered in fur. (AC +1)
You have a slow metabolism.
Your sharp claws are effective at attacking unaware monsters.


Message History

The adder completely misses your quokka.
Your quokka completely misses the adder.
Your rat bites the adder.
Your iron imp disappears in a puff of smoke!
The adder bites your quokka.
Your quokka dies!
Your quokka's corpse disappears in a puff of smoke!
Your rat bites the adder but does no damage.
Casting: Summon Small Mammal (safe; 2% risk of failure)
Confirm with . or Enter, or press ? or * to list all spells.
A beastly little devil appears in a puff of frigid air.
The adder closely misses you.
You miss the adder.
The adder is moderately wounded.
The adder closely misses you.
Your rat barely misses the adder.
Your white imp misses the adder.
You closely miss the adder.
The adder is moderately wounded.
The adder misses you.
Your rat misses the adder. The adder bites you.
You die...

##### #...# #...#
########...###
##########............#
........##.....>....#.#
........##......@#.##
.. ................S..#
..#
####..#..#......5r##
K.. ####..#.####.###..#
.. .............# #.##
# ####.......### #.#
#..###..# #.# ####..#
#..# ... #.....# #..#
.#.#.


You could see an adder, a friendly white imp and a friendly rat.

Vanquished Creatures
  An orc (D:2)
  2 hobgoblins
  2 bats (D:2)
  3 frilled lizards (D:1)
  2 kobolds (D:1)
  2 rats (D:1)
12 creatures vanquished.

Vanquished Creatures (collateral kills)
  2 adders (D:2)
  2 worms
  A dart slug (D:2)
  A leopard gecko (D:2)
  A bat (D:2)
  3 giant cockroaches
  5 hobgoblins
  3 kobolds
  2 frilled lizards
  2 goblins
  2 rats (D:2)
24 creatures vanquished.

Grand Total: 36 creatures vanquished

Notes
Turn   | Place    | Note
-------+----------+-------------------------------------------
     0 | D:1      | Folque the Felid Summoner began the quest for the Orb.
     0 | D:1      | Reached XP level 1. HP: 7/7 MP: 4/4
   545 | D:1      | Reached XP level 2. HP: 6/12 MP: 4/6
   549 | D:1      | Learned a level 2 spell: Call Imp
  1482 | D:2      | Reached skill level 1 in Fighting
  1522 | D:2      | Reached XP level 3. HP: 11/15 MP: 3/7
  1820 | D:2      | Found a stormy altar of Qazlal.
  1899 | D:2      | Slain by an adder

Skill      XL: |  1  2 |
---------------+-------+-----
Fighting       | 1 |  1.0
Dodging        | |  2.6
Stealth        | |  2.6
Spellcasting   | |  2.4
Summonings     | |  4.7

Action                   || total
-------------------------++-------
Melee: Unarmed           ||    95
       Bite              ||     3
 Cast: Summon Small Mamm ||    25
       Call Imp          ||    10
  Use: Scroll            ||     2
       Potion            ||     1
 Stab: Sleeping          ||     8
  Eat: Chunk             ||    10
Armor: Skin              ||     6
Dodge: Dodged            ||    97
